 Dungeon Crawl Stone Soup version 0.30.0-20-g3615ddf2f0 (webtiles) character file.

Game seed: 1087016087587173208

527 qw the Chopper (level 7, -4/43 HPs)
             Began as a Gargoyle Fighter on June 1, 2023.
             Splashed by a jelly's acid (9 damage)
             ... on level 4 of the Dungeon.
             The game lasted 00:01:47 (3544 turns).

qw the Chopper (Gargoyle Fighter)                   Turns: 3544, Time: 00:01:47

Health: -4/43      AC: -10   Str: 22    XL:     7   Next: 23%
Magic:  7/7        EV: 14    Int:  8    God:
Gold:   170        SH:  4    Dex:  9    Spells: 6/6 levels left

rFire   . . .        Y - +1 broad axe
rCold   . . .        c - +0 buckler
rNeg    + . .        b - +0 scale mail
rPois   inf          i - +1 helmet
rElec   +            (no cloak)
rCorr   .            (no gloves)
SInv    .            (no boots)
Will    .....        (no amulet) Stlth
                     l - +5 ring of evasion
HPRegen 0.27/turn    (no ring)
MPRegen 0.10/turn

%: no passive effects
@: corroded
A: sickness immunity, AC +4, negative energy resistance 1, electricity
resistance, torment resistance 1, petrification resistance
a: no special abilities


You were on level 4 of the Dungeon.
You visited 2 branches of the dungeon, and saw 5 of its levels.

You collected 170 gold pieces.


Innate Abilities, Weirdness & Mutations

You are immune to sickness and miasma.
Your stone body is resilient. (AC +4)
You are immune to poison.
You resist negative energy. (rN+)
You are resistant to electric shocks. (rElec)
You are resistant to unholy torment.
You are immune to petrification.


   Skills:
 - Level 4.2 Fighting
 - Level 6.0 Axes
 + Level 1.5 Throwing
 - Level 3.2 Armour
 - Level 1.5 Dodging
 - Level 3.2 Shields


You had 6 spell levels left.
You didn't know any spells.
Your spell library was empty.

Inventory:

Hand Weapons
 o - a +0 flail
 Y - a +1 broad axe (weapon)
Missiles
 a - 3 boomerangs
 k - 5 javelins
 p - 5 silver javelins (quivered)
Armour
 b - a +0 scale mail (worn)
 c - a +0 buckler (worn)
 h - a +1 hat
 i - a +1 helmet (worn)
 q - a +0 pair of boots
Jewellery
 l - a +5 ring of evasion (left hand)
Potions
 d - a potion of might
 e - 2 potions of heal wounds
 f - a potion of cancellation {unknown}
 g - a potion of attraction {unknown}
 j - a potion of brilliance {unknown}
 m - a potion of degeneration {unknown}
 n - 2 potions of curing

Dungeon Overview and Level Annotations

Branches:
Dungeon (4/15)             Temple (1/1) D:4

Altars:
Ashenzari
Dithmenos
Elyvilon
Fedhas
Gozag
Kikubaaqudgha
Makhleb
Qazlal
Ru
Sif Muna
Trog
Vehumet
Wu Jian
Xom
Yredelemnul
Zin
The Shining One


Message History

The jelly is almost dead.
You hit the endoplasm but do no damage. The jelly barely misses you.
The endoplasm hits the fungus.
The fungus begins to die.
You hit the jelly.
You kill the jelly!
You hit the jelly but do no damage. The acid corrodes you!
Your hands burn!
The endoplasm hits the fungus.
The fungus begins to die.
The endoplasm hits the fungus.
The endoplasm freezes you.
You are frozen.
The jelly misses you. The endoplasm freezes you.
You are frozen.
You hit the jelly. The acid corrodes you!
Your hands burn!
The jelly is lightly wounded.
You hit the endoplasm. You hit the endoplasm but do no damage.
A nearby fungus withers and dies.
The endoplasm hits you. The jelly hits you. The acid corrodes you!
You are splashed with acid!
The endoplasm freezes you.
You are frozen.
The endoplasm hits the fungus.
3542 ||| DRINKING 3 potions of heal wounds.
You feel much better.
A nearby fungus withers and dies.
The endoplasm hits you. The endoplasm freezes you.
You are frozen.
The jelly misses you.
You hit the endoplasm but do no damage.
The endoplasm is severely wounded.
You hit the endoplasm. You slash the jelly! The acid corrodes you!
Your hands burn!
The endoplasm closely misses you. The endoplasm completely misses you.
The jelly barely misses you.
You hit the jelly but do no damage.
Your hands burn!
The jelly is severely wounded.
You completely miss the endoplasm. You hit the endoplasm.
A nearby fungus withers and dies.
The endoplasm freezes you.
You are frozen.
The endoplasm freezes you.
You are frozen.
The jelly hits you.
You are splashed with acid!
You die...

)#..........%...#.#
..#.#[#####.5.....#
..#......##..######
##..#.##.....#
...##.......##
.#.#..##.##.#
...#?######## #######
##.#.# ##########J.%..%#
...###......##@JJ%.P.#
##.##.......#.#JJ....#
#..'........#.#JJP%..#
#..'........#.#JJ....#
#..'......#'#.#...P..#
###..##.....#.#.#...%..#
.....###....#.#.#..PPP.#
.....# #######)##.....)#
......# ###


You could see 2 jellies and 7 endoplasms.

Vanquished Creatures
  An ogre (D:4)
  A howler monkey (D:4)
  3 jellies (D:4)
  Jessica (D:2)
  An iguana (D:4)
  2 sleepcaps (D:4)
  2 orc wizards
  Terence (D:2)
  4 adders
  An ufetubus (D:4)
  2 worms
  2 dart slugs
  17 orcs
  2 bats
  3 endoplasms
  3 giant cockroaches
  9 goblins
  2 hobgoblins
  3 jackals (D:2)
  11 kobolds
  4 quokkas
  4 ball pythons
  2 frilled lizards
  5 rats
86 creatures vanquished.

Notes
Turn   | Place    | Note
-------+----------+-------------------------------------------
     0 | D:1      | qw the Gargoyle Fighter began the quest for the Orb.
     0 | D:1      | Reached XP level 1. HP: 14/14 MP: 1/1
     0 | D:1      | 0 ||| qw: Version: 0.2-a-102-gdf20003
     0 | D:1      | 0 ||| qw: Game counter: 693
     0 | D:1      | 0 ||| qw: Always use a shield: true
     0 | D:1      | 0 ||| qw: God list: Okawaru
     0 | D:1      | 0 ||| qw: Allow faded altars: false
     0 | D:1      | 0 ||| qw: Do Orc after D:15 true
     0 | D:1      | 0 ||| qw: Do second Lair branch before Depths: true
     0 | D:1      | 0 ||| qw: Lair rune preference: random
     0 | D:1      | 0 ||| qw: Plans: Normal, Zot:1-4, Slime:5, God:TSO, Crypt,
                  | Tomb, Pan, Hells, Abyss, Win
     0 | D:1      | 0 ||| PLANNING D:1-11
    26 | D:1      | 26 ||| Stepping ~*~*~tactically~*~*~ (hiding).
    27 | D:1      | 27 ||| Stepping ~*~*~tactically~*~*~ (hiding).
   150 | D:1      | 150 ||| Stepping ~*~*~tactically~*~*~ (hiding).
   151 | D:1      | 151 ||| Stepping ~*~*~tactically~*~*~ (hiding).
   153 | D:1      | 153 ||| Stepping ~*~*~tactically~*~*~ (stealth).
   154 | D:1      | 154 ||| Stepping ~*~*~tactically~*~*~ (stealth).
   167 | D:1      | Reached skill level 2 in Axes
   191 | D:1      | Reached XP level 2. HP: 19/19 MP: 2/2
   488 | D:1      | 488 ||| SWAPPING to +0 broad axe.
   492 | D:1      | 492 ||| DROPPING +0 war axe.
   658 | D:1      | Found a faded altar of an unknown god.
   695 | D:1      | Reached skill level 3 in Axes
   761 | D:1      | 761 ||| READING scroll labelled CISKOAX BUINN.
   792 | D:2      | Noticed Jessica
   793 | D:2      | Killed Jessica
   794 | D:2      | Reached XP level 3. HP: 23/23 MP: 3/3
   885 | D:2      | Noticed Terence
   895 | D:2      | Killed Terence
   896 | D:2      | Reached skill level 4 in Axes
   896 | D:2      | Reached XP level 4. HP: 22/28 MP: 4/4
  1002 | D:2      | 1002 ||| Stepping ~*~*~tactically~*~*~ (hiding).
  1344 | D:2      | Reached skill level 1 in Throwing
  1554 | D:2      | 1554 ||| UPGRADING to +5 ring of evasion.
  1555 | D:2      | 1555 ||| READING scroll labelled LUOGICHUULA.
  1556 | D:2      | 1556 ||| READING scroll labelled FEJAUH SASUF.
  1573 | D:2      | 1573 ||| DRINKING 4 ruby potions.
  1574 | D:2      | 1574 ||| DRINKING 3 silvery potions.
  1798 | D:3      | 1798 ||| DROPPING +0 club.
  1809 | D:3      | 1809 ||| Stepping ~*~*~tactically~*~*~ (stealth).
  1811 | D:3      | 1811 ||| Stepping ~*~*~tactically~*~*~ (hiding).
  1813 | D:3      | 1813 ||| Stepping ~*~*~tactically~*~*~ (hiding).
  1814 | D:3      | 1814 ||| Stepping ~*~*~tactically~*~*~ (hiding).
  1816 | D:3      | 1816 ||| Stepping ~*~*~tactically~*~*~ (hiding).
  1823 | D:3      | Reached XP level 5. HP: 19/32 MP: 5/5
  1892 | D:3      | 1892 ||| DROPPING +0 whip.
  1958 | D:3      | 1958 ||| Stepping ~*~*~tactically~*~*~ (hiding).
  2023 | D:3      | 2023 ||| DROPPING +0 heavy mace.
  2065 | D:3      | 2065 ||| Stepping ~*~*~tactically~*~*~ (stealth).
  2107 | D:3      | Found a broken altar of Ashenzari.
  2107 | D:3      | Found a sacrificial altar of Ru.
  2108 | D:3      | 2108 ||| Stepping ~*~*~tactically~*~*~ (hiding).
  2210 | D:3      | Reached skill level 5 in Axes
  2318 | D:3      | Found a radiant altar of Vehumet.
  2327 | D:3      | 2327 ||| FLEEEEING.
  2329 | D:3      | 2329 ||| FLEEEEING.
  2330 | D:3      | 2330 ||| FLEEEEING.
  2331 | D:3      | 2331 ||| DRINKING 4 potions of curing.
  2331 | D:3      | 2331 ||| (to cure confusion)
  2334 | D:3      | 2334 ||| DRINKING 3 potions of curing.
  2334 | D:3      | 2334 ||| (to cure confusion)
  2337 | D:3      | 2337 ||| DRINKING 2 potions of curing.
  2337 | D:3      | 2337 ||| (to cure confusion)
  2339 | D:3      | 2339 ||| FLEEEEING.
  2340 | D:3      | 2340 ||| FLEEEEING.
  2341 | D:3      | 2341 ||| FLEEEEING.
  2342 | D:3      | 2342 ||| FLEEEEING.
  2357 | D:3      | 2357 ||| STAIRDANCE
  2359 | D:3      | 2359 ||| STAIRDANCE
  2361 | D:3      | 2361 ||| DRINKING potion of curing.
  2361 | D:3      | 2361 ||| (to cure confusion)
  2362 | D:3      | 2362 ||| STAIRDANCE
  2400 | D:2      | 2400 ||| UPGRADING to +1 helmet.
  2405 | D:2      | 2405 ||| READING scroll labelled SILLEH MIETY.
  2406 | D:2      | 2406 ||| READING scroll labelled REH BYURIRGHELO.
  2407 | D:2      | 2407 ||| READING scroll labelled XARHOATUQA.
  2445 | D:3      | Found a burning altar of Makhleb.
  2580 | D:3      | 2580 ||| Stepping ~*~*~tactically~*~*~ (hiding).
  2838 | D:4      | Reached XP level 6. HP: 38/38 MP: 6/6
  2869 | D:4      | Found a staircase to the Ecumenical Temple.
  2870 | D:4      | 2870 ||| PLANNING TEMPLE
  2882 | D:4      | Reached skill level 1 in Dodging
  2893 | Temple   | Entered the Ecumenical Temple
  3065 | Temple   | 3065 ||| PLANNING D:1-11
  3093 | D:4      | 3093 ||| Stepping ~*~*~tactically~*~*~ (hiding).
  3094 | D:4      | 3094 ||| Stepping ~*~*~tactically~*~*~ (hiding).
  3095 | D:4      | 3095 ||| Stepping ~*~*~tactically~*~*~ (hiding).
  3101 | D:4      | 3101 ||| Stepping ~*~*~tactically~*~*~ (hiding).
  3103 | D:4      | 3103 ||| Stepping ~*~*~tactically~*~*~ (hiding).
  3105 | D:4      | 3105 ||| Stepping ~*~*~tactically~*~*~ (hiding).
  3138 | D:4      | 3138 ||| Stepping ~*~*~tactically~*~*~ (stealth).
  3139 | D:4      | 3139 ||| Stepping ~*~*~tactically~*~*~ (stealth).
  3142 | D:4      | 3142 ||| Stepping ~*~*~tactically~*~*~ (stealth).
  3155 | D:4      | 3155 ||| FLEEEEING.
  3166 | D:4      | 3166 ||| FLEEEEING.
  3168 | D:4      | 3168 ||| FLEEEEING.
  3174 | D:4      | 3174 ||| Stepping ~*~*~tactically~*~*~ (stealth).
  3245 | D:4      | Found a basalt altar of Yredelemnul.
  3292 | D:4      | Reached skill level 6 in Axes
  3292 | D:4      | Reached XP level 7. HP: 33/43 MP: 7/7
  3308 | D:4      | 3308 ||| Stepping ~*~*~tactically~*~*~ (stealth).
  3314 | D:4      | 3314 ||| Stepping ~*~*~tactically~*~*~ (stealth).
  3315 | D:4      | 3315 ||| Stepping ~*~*~tactically~*~*~ (stealth).
  3423 | D:4      | 3423 ||| Stepping ~*~*~tactically~*~*~ (hiding).
  3541 | D:4      | HP: 5/43 [acid (10)]
  3541 | D:4      | HP: 2/43 [frozen (3)]
  3542 | D:4      | 3542 ||| DRINKING 3 potions of heal wounds.
  3544 | D:4      | Splashed by a jelly's acid

Levels and vault maps discovered:
D:1:      dpeg_arrival_refuge, layout_loops_ring, ebering_ecumenical_altar_hall
D:2:      layout_loops_cross, lightli_corner_chamber, uniq_jessica, uniq_terence
D:3:      layout_loops_cross, grunt_temple_overflow_cloverleaf,
          grunt_ministairs_15, fountainhead, minivault_26,
          minmay_misc_feat_enclosed
D:4:      cheibrodos_fertilizer, layout_loops_cross, lemuel_crystal_altar,
          chequers_temple_overflow_statue_of_worship,
          minmay_temple_entry_mini_moons, serial_shops, shop
Temple:   minmay_temple_bridge_abc

Skill      XL: |  1  2  3  4  5  6 |
---------------+-------------------+-----
Axes           | 2 3 4 5 6 |  6.0
Throwing       | 1 |  1.5
Fighting       | 4 |  4.2
Dodging        | 1 |  1.5
Armour         | |  3.2
Shields        | |  3.2

Action                     |  1- 3 |  4- 6 |  7- 9 || total
---------------------------+-------+-------+-------++-------
  Melee: War axe           |    67 |       |       ||    67
         Broad axe         |    30 |   190 |    13 ||   233
  Throw: Javelin           |       |    48 |     2 ||    50
    Use: Scroll            |     1 |     5 |       ||     6
         Potion            |       |     6 |     1 ||     7
 Armour: Scale mail        |    66 |   103 |       ||   169
  Dodge: Dodged            |    43 |   122 |    13 ||   178
  Block: Buckler           |    14 |    38 |     2 ||    54

Table legend:
 A = Non-vault XP
 B = Vault XP
 C = Vault XP percentage of total XP
 D = Non-vault monster count
 E = Vault monster count
 F = Vault count percentage of total count
                 A         B        C        D         E       F
            +---------+---------+-------+---------+---------+-------
      Total |     631 |     123 |  16.3 |      75 |      11 |  12.8
            +---------+---------+-------+---------+---------+-------
        D:1 |      30 |       0 |   0.0 |      16 |       0 |   0.0
        D:2 |      74 |      69 |  48.3 |      14 |       2 |  12.5
        D:3 |     131 |       4 |   3.0 |      31 |       2 |   6.1
        D:4 |     396 |      50 |  11.2 |      14 |       7 |  33.3
            +---------+---------+-------+---------+---------+-------
